 Dungeon Crawl Stone Soup version 0.16.1-51-g6203257 (webtiles) character file.

70 Jb9000 the Firebug (level 4, -4/24 HPs)
             Began as a Gargoyle Fire Elementalist on July 2, 2015.
             Slain by Grinder (10 damage)
             ... while paralysed by Grinder
             ... on level 3 of the Dungeon.
             The game lasted 00:17:21 (1971 turns).

Jb9000 the Firebug (Gargoyle Fire Elementalist)     Turns: 1971, Time: 00:17:22

Health: -4/24      AC:  6    Str: 11    XL:     4   Next: 21%
Magic:  4/8        EV:  2    Int: 17    God:
Gold:   111        SH:  0    Dex: 10    Spells: 2 memorised, 4 levels left

rFire  . . .     SeeInvis .     j - -2 dagger (curse)
rCold  . . .     Clarity  .     a - +1 robe
rNeg   + . .     SustAb   .     (no shield)
rPois  ∞         Gourm    .     (no helmet)
rElec  +         Spirit   .     (no cloak)
rCorr  .         Warding  .     (no gloves)
rMut   .         Stasis   .     (no boots)
MR     .....                    (no amulet)
Stlth  ++........               (no ring)
                                l - ring of wizardry

@: paralysed, not resistant to hostile enchantments, unstealthy
A: negative energy resistance 1, electricity resistance, unbreathing,
petrification resistance, rot immunity, AC +3
a: no special abilities


You were on level 3 of the Dungeon.
You were not hungry.

You visited 1 branch of the dungeon, and saw 3 of its levels.

You collected 111 gold pieces.

Inventory:

Hand weapons
 f - a +0 spear
 i - a +0 falchion of holy wrath
 j - a cursed -2 dagger (weapon)
Missiles
 d - 14 arrows
 e - 6 javelins (quivered)
Armour
 a - a +1 robe (worn)
Jewellery
 l - a ring of wizardry (left hand)
Scrolls
 g - 2 scrolls of magic mapping
 k - a scroll of identify
Books
 b - a book of Flames

   Spells                             Type                      Level
   a - Flame Tongue                   Conjuration/Fire             1
   b - Throw Flame                    Conjuration/Fire             2
   c - Conjure Flame                  Conjuration/Fire             3
   d - Inner Flame                    Hexes/Fire                   3
   e - Sticky Flame                   Conjuration/Fire             4
   f - Fireball                       Conjuration/Fire             5
Comestibles
 c - 2 bread rations
 h - 6 chunks of flesh
 m - a meat ration


   Skills:
 + Level 0.9 Fighting
 - Level 0.3 Short Blades
 - Level 0.1 Polearms
 + Level 0.0 Throwing
 + Level 1.6 Armour
 + Level 1.7 Dodging
 * Level 3.0 Stealth
 * Level 2.3 Spellcasting
 + Level 1.5 Conjurations
 + Level 3.3 Fire Magic


You had 4 spell levels left.
You knew the following spells:

 Your Spells              Type           Power        Failure   Level  Hunger
a - Flame Tongue          Conj/Fire      ##...        4%          1    #......
b - Throw Flame           Conj/Fire      ##....       4%          2    ###....


Dungeon Overview and Level Annotations

Branches:
Dungeon (3/15)

Altars:
Zin

Annotations:
D:3 Grinder


Innate Abilities, Weirdness & Mutations

You are resistant to torment.
You are immune to poison.
Your stone body is very resilient (AC +3).
You resist negative energy.
You are resistant to electric shocks.
You can survive without breathing.
You are immune to petrification.
You are immune to rotting.


Message History

Aim: Grinder (lightly wounded)
The flame tongue misses Grinder.
The flame tongue hits the adder.
The adder is moderately wounded.
Grinder drinks a potion.
Grinder seems to grow stronger.
You aren't carrying any potions.
Read which item? (? for menu, Esc to quit)
Okay, then.
Casting: Flame Tongue
Confirm with . or Enter, or press ? or * to list all spells.
Aiming: Flame Tongue
Press: ? - help, Shift-Dir - straight line, f/p - Grinder
Aim: Grinder (lightly wounded, unusually strong)
The flame tongue hits Grinder.
Grinder is moderately wounded.
Grinder gestures at you.
You suddenly lose the ability to move!
Grinder hits you. x3
* * * LOW HITPOINT WARNING * * *
Grinder hits you!
You die...

..............<...
#................
#####...###......
#.......#......
#####.#...#.#######
#...#.#...#.# #
#........## # #
#...#.#### #
##@##.#####.# #
###.###5##......%#
#
........S>.........
##.####...##.....#
#........#..
#.##..##....# #.
#..# .#.# . ....>
.. # .###### ##


You could see Grinder and an adder.

Vanquished Creatures
  2 adders (D:2)
  A worm (D:1)
  3 giant geckos (D:2)
  4 orcs (D:3)
  A giant cockroach (D:2)
  5 goblins
  5 hobgoblins
  6 kobolds
  5 bats
  A giant gecko skeleton (D:3)
  A giant newt (D:1)
  4 jackals (D:2)
  3 rats (D:1)
41 creatures vanquished.

Notes
Turn   | Place    | Note
--------------------------------------------------------------
     0 | D:1      | Jb9000, the Gargoyle Fire Elementalist, began the quest for the Orb.
     0 | D:1      | Reached XP level 1. HP: 10/10 MP: 3/3
   213 | D:1      | Reached XP level 2. HP: 15/15 MP: 2/4
   298 | D:1      | Learned a level 2 spell: Throw Flame
   867 | D:2      | Reached XP level 3. HP: 7/20 MP: 0/6
  1116 | D:2      | Found a glowing silver altar of Zin.
  1187 | D:2      | Reached skill level 1 in Armour
  1663 | D:3      | Reached XP level 4. HP: 24/24 MP: 2/7
  1958 | D:3      | Noticed Grinder
  1967 | D:3      | Paralysed by Grinder for 6 turns
  1971 | D:3      | Slain by Grinder

Action                   |  1- 3 |  4- 6 || total
-------------------------+-------+-------++-------
Melee: Spear             |    17 |       ||    17
       Unarmed           |     2 |       ||     2
       Dagger            |    47 |       ||    47
Throw: Javelin           |     1 |     4 ||     5
 Cast: Flame Tongue      |    46 |    18 ||    64
       Throw Flame       |    11 |     4 ||    15
  Use: Scroll            |     5 |       ||     5
  Eat: Chunk             |     4 |       ||     4
       Beef jerky        |       |     1 ||     1
